AoeStats
← scrappy_18

Oasis

509014532Analyzed
4v4 RM · 7d ago on Sep 25, 2026· 55m 38s· 8 players
Game mode
Random Map
Map size
Large (8 player)
Population
200
Speed
Normal
Resources
Standard
Victory
Conquest
Starting age
Dark Age
Ending age
Imperial Age
RankedLock teamsTeams togetherTeam positionsShared explorationLock speedFull tech treeHidden civsTurbo modeCheats
Victory
Defeat
🇨🇱 Burmese · Chile
1211
+14
🇦🇷 Saracens · Argentina
1199
+14
🇮🇳 Mongols · India
1140
+16
🇨🇱 Khmer · Chile
1096
+19
🇨🇦 Britons · Canada
1157
-16
🇨🇦 Danes · Canada
1156
-16
🇨🇦 Saracens · Canada
1151
-16
🇨🇦 Varangians · Canada
1146
-15
Arkh
7:42 Loom
10:04 Feudal Age
10:42 Horse Collar
19:01 Scale Barding Armor
19:08 Forging
24:57 Castle Age
23:47 Gold Mining
25:17 Bloodlines
25:39 Husbandry
26:02 Chain Barding Armor
26:55 Iron Casting
26:57 Heavy Plow
37:02 Wheelbarrow
40:25 Stone Mining
45:30 Imperial Age
45:32 Hand Cart
45:37 Cavalier
46:58 Conscription
48:02 Blast Furnace
47:50 Gold Shaft Mining
48:22 Plate Barding Armor
50:36 Crop Rotation
50:04 Fletching
51:20 Chemistry
50:27 Light Cavalry
54:20 Bodkin Arrow
54:41 Elite Arambai
NaBhai
8:06 Feudal Age
9:01 Double-Bit Axe
14:02 Fletching
15:30 Padded Archer Armor
21:41 Castle Age
20:00 Horse Collar
20:30 Gold Mining
21:42 Crossbowman
22:17 Bodkin Arrow
25:30 Ballistics
25:36 Squires
26:03 Loom
26:53 Wheelbarrow
26:31 Bow Saw
27:33 Thumb Ring
30:00 Leather Archer Armor
29:33 Town Watch
30:34 Hand Cart
32:00 Heavy Plow
32:00 Stone Mining
34:41 Gold Shaft Mining
34:42 Stone Shaft Mining
38:07 Imperial Age
36:36 Bloodlines
36:26 Husbandry
36:41 Scale Barding Armor
38:16 Elite Mangudai
39:17 Conscription
40:00 Chemistry
39:02 Bracer
40:08 Chain Barding Armor
39:59 Forging
39:11 Light Cavalry
40:36 Hussar
44:45 Iron Casting
47:17 Blast Furnace
53:22 Scale Mail Armor
53:12 Arson
56:23 Coinage
milo
11:05 Feudal Age
9:22 Loom
17:09 Horse Collar
21:40 Castle Age
23:27 Scale Barding Armor
23:33 Forging
24:23 Double-Bit Axe
35:35 Bow Saw
37:33 Chain Barding Armor
37:49 Iron Casting
37:08 Pikeman
38:08 Man-at-Arms
44:44 Man-at-Arms
46:22 Wheelbarrow
46:07 Long Swordsman
50:48 Scale Mail Armor
50:52 Padded Archer Armor
50:50 Fletching
55:48 Imperial Age
54:26 Chain Mail Armor
54:28 Leather Archer Armor
54:09 Bodkin Arrow
Klingon86
5:57 Loom
8:25 Feudal Age
9:33 Double-Bit Axe
15:45 Fletching
22:56 Castle Age
jrewdavis
11:14 Feudal Age
9:30 Loom
15:07 Castle Age
13:41 Double-Bit Axe
17:02 Bloodlines
24:20 Husbandry
33:15 Gold Mining
34:21 Scale Barding Armor
34:26 Forging
34:13 Horse Collar
35:43 Chain Barding Armor
38:35 Wheelbarrow
37:46 Town Watch
41:18 Iron Casting
40:35 Fletching
40:40 Vendel Legacy
46:03 Scale Mail Armor
45:58 Bodkin Arrow
48:28 Heavy Plow
49:41 Bow Saw
52:30 Imperial Age
52:34 Elite Jarl
52:59 Cavalier
54:20 Conscription
scrappy_18
11:29 Feudal Age
11:15 Loom
17:53 Castle Age
18:57 Elite Skirmisher
28:17 Pikeman
35:09 Scale Mail Armor
39:40 Horse Collar
41:17 Forging
40:56 Arson
42:35 Heavy Plow
47:06 Iron Casting
46:47 Chain Mail Armor
46:57 Gambesons
47:13 Squires
47:17 Double-Bit Axe
51:29 Imperial Age
50:45 Hamask
52:17 Elite Jomsviking
55:58 Blast Furnace
TinkyBoi
4:34 Loom
10:47 Feudal Age
12:41 Forging
12:38 Scale Barding Armor
12:50 Double-Bit Axe
13:05 Horse Collar
18:50 Bloodlines
21:49 Wheelbarrow
24:23 Castle Age
25:30 Gold Mining
25:59 Bow Saw
29:00 Iron Casting
28:45 Chain Barding Armor
28:50 Husbandry
29:10 Heavy Plow
33:44 Light Cavalry
39:48 Fletching
45:30 Light Cavalry
snippedgentile
7:02 Loom
9:54 Feudal Age
14:42 Fletching
21:29 Horse Collar
27:18 Castle Age
27:37 Wheelbarrow
26:55 Double-Bit Axe
27:13 Padded Archer Armor
27:26 Crossbowman
28:11 Bodkin Arrow
30:13 Gold Mining
37:58 Bow Saw
37:47 Elite Skirmisher
40:57 Stone Mining
42:11 Ballistics
42:36 Leather Archer Armor
46:11 Hand Cart
49:50 Imperial Age
52:43 Imperial Age
53:36 Bracer
55:06 Chemistry
54:38 Ring Archer Armor
54:20 Forging
55:23 Pikeman
Connection lost

Rejoining the realm…

Still unreachable

The connection could not be restored.

Session expired

The server has moved on; the page needs a fresh start.